Map: 2000 Atmospheres LE

Players

TriGGeR - Winner!

  • Race: Protoss Protoss

Semper

  • Race: Terran Terran

Event: DreamHack SC2 Masters 2021 Winter

VOD

Have the link to the VOD?

Description

Time

  • Played on: Oct. 6, 2021, 6:46 p.m.
  • Length: 15:38

All games in this series

Show
View Real Time Build Order
Export as new Build Order

TriGGeR Protoss - Winner!

Build Orders:  

Get SALT Encoding   

  12  0:00  Probe  
  13  0:12  Probe  
  14  0:16  Pylon  
  14  0:24  Probe (Chrono Boost)  
  16  0:35  Gateway  
  16  0:36  Probe (Chrono Boost)  
  16  0:42  Probe (Chrono Boost)  
  16  0:45  Assimilator  
  17  0:51  Probe  
  18  1:03  Probe  
  19  1:15  Probe  
  20  1:23  Zealot  
  20  1:24  Cybernetics Core  
  22  1:32  Pylon  
  22  1:43  Probe  
  23  1:56  Pylon  
  23  1:58  Probe  
  23  2:00  Adept (Chrono Boost)  
  24  2:02  Nexus  
  26  2:10  Probe  
  24  2:25  Probe (Chrono Boost)  
  25  2:33  Stalker  
  25  2:34  Warp Gate  
  25  2:35  Assimilator  
  28  2:37  Probe (Chrono Boost)  
  28  2:42  Probe (Chrono Boost)  
  29  2:53  Probe  
  30  3:00  Twilight Council  
  30  3:07  Probe (Chrono Boost)  
  31  3:13  Stalker  
  31  3:14  Gateway  
  31  3:15  Probe (Chrono Boost)  
  35  3:24  Probe (Chrono Boost)  
  35  3:25  Probe (Chrono Boost)  
  34  3:30  Probe  
  34  3:31  Probe  
  36  3:35  Pylon  
  36  3:36  Charge (Chrono Boost)  
  36  3:43  Probe  
  37  3:49  Probe  
  37  3:55  Probe  
  39  4:01  Probe  
  40  4:07  Probe  
  41  4:11  Robotics Facility  
  41  4:13  Probe  
  42  4:19  Probe  
  42  4:23  Stalker x2  
  47  4:25  Probe  
  49  4:31  Probe  
  49  4:34  Shield Battery  
  49  4:35  Shield Battery  
  50  4:38  Probe  
  50  4:45  Nexus  
  50  4:48  Stalker x2, Probe  
  50  4:50  Probe  
  52  5:00  Blink (Chrono Boost), Probe  
  52  5:05  Probe  
  53  5:10  Assimilator  
  53  5:12  Pylon  
  53  5:13  Probe  
  54  5:16  Pylon  
  54  5:19  Pylon  
  54  5:23  Observer  
  54  5:30  Gateway, Probe  
  54  5:32  Gateway, Probe  
  57  5:36  Zealot x2  
  57  5:38  Assimilator  
  57  5:42  Probe  
  62  5:43  Observer  
  62  5:46  Gateway  
  64  5:50  Probe (Chrono Boost)  
  64  5:53  Shield Battery  
  65  5:59  Probe (Chrono Boost)  
  65  6:00  Probe (Chrono Boost)  
  65  6:02  Gateway  
  65  6:03  Sentry x2  
  71  6:07  Probe (Chrono Boost)  
  71  6:10  Probe x2 (Chrono Boost)  
  73  6:16  Probe (Chrono Boost)  
  73  6:18  Probe (Chrono Boost)  
  70  6:20  Immortal  
  70  6:23  Gateway  
  76  6:26  Probe (Chrono Boost)  
  76  6:28  Probe (Chrono Boost)  
  76  6:30  Gateway, Probe (Chrono Boost)  
  78  6:33  Stalker  
  78  6:37  Probe (Chrono Boost)  
  78  6:39  Probe (Chrono Boost)  
  82  6:43  Probe, Pylon  
  82  6:46  Pylon  
  83  6:49  Zealot x3  
  89  6:56  Probe  
  89  6:58  Warp Prism (Chrono Boost)  
  92  7:08  Zealot x3  
  98  7:16  Zealot x2, Templar Archives  
  98  7:17  Zealot  
  104  7:23  Zealot  
  104  7:26  Pylon  
  104  7:27  Pylon  
  106  7:30  Pylon  
  106  7:34  Zealot  
  108  7:39  Forge  
  108  7:42  Forge  
  108  7:44  Psionic Storm  
  104  7:53  Observer  
  104  7:57  Zealot x4  
  104  7:58  Zealot x4  
  118  8:00  Probe (Chrono Boost)  
  118  8:03  Protoss Ground Armor Level 1 (Chrono Boost), Protoss Ground Weapons Level 1 (Chrono Boost)  
  116  8:05  Probe x2 (Chrono Boost)  
  116  8:09  Probe (Chrono Boost)  
  112  8:13  Probe (Chrono Boost)  
  112  8:18  High Templar x2  
  112  8:19  Probe x2  
  116  8:23  Assimilator  
  116  8:29  High Templar  
  116  8:32  Pylon  
  116  8:33  Pylon  
  118  8:40  Zealot x5  
  128  8:44  Pylon  
  128  8:47  Probe  
  129  8:51  Zealot x2  
  107  9:20  Zealot x2  
  107  9:21  Zealot  
  107  9:22  Zealot x3  
  117  9:27  Assimilator  
  117  9:29  Robotics Bay  
  117  9:34  Probe x2  
  117  9:37  Probe  
  120  9:39  High Templar  
  120  9:41  Nexus  
  120  9:44  Pylon  
  122  9:46  Stalker x5, Probe  
  133  9:55  Zealot x2  
  133  9:59  Protoss Ground Armor Level 2 (Chrono Boost)  
  137  10:04  Robotics Facility  
  137  10:07  Protoss Ground Weapons Level 2 (Chrono Boost)  
  137  10:13  High Templar  
  139  10:17  Zealot x4  
  147  10:27  High Templar, Shield Battery  
  147  10:28  High Templar  
  151  10:30  Disruptor (Chrono Boost)  
  154  10:37  Pylon  
  150  11:02  Colossus (Chrono Boost)  
  144  11:06  Extended Thermal Lance  
  144  11:10  Observer  
  156  11:12  Zealot x8  
  156  11:15  Colossus (Chrono Boost)  
  156  11:17  Gateway  
  156  11:18  Gateway, Probe (Chrono Boost)  
  172  11:24  Probe x3 (Chrono Boost)  
  176  11:28  Probe (Chrono Boost)  
  176  11:32  Probe (Chrono Boost)  
  173  11:47  Disruptor (Chrono Boost)  
  176  11:56  Photon Cannon, Nexus  
  176  11:57  Photon Cannon  
  176  11:58  Photon Cannon  
  177  12:03  Stalker, Disruptor (Chrono Boost)  
  177  12:04  Stalker x3  
  182  12:09  Disruptor  
  182  12:14  Pylon  
  185  12:18  Zealot  
  186  12:29  Observer  
  186  12:30  Zealot  
  170  12:47  Nexus  
  169  12:52  Zealot x3, Nexus  
  169  12:55  Observer  
  176  13:08  Disruptor  
  176  13:12  Dark Shrine  
  172  13:22  Zealot x6  
  172  13:23  Zealot x2  
  185  13:33  Observer  
  162  13:45  Disruptor  
  165  13:54  Disruptor  
  168  13:55  Zealot  
  168  13:56  Zealot x7  
  182  14:03  Gateway  
  182  14:05  Gateway  
  182  14:06  Probe x2  
  182  14:18  Probe  
  181  14:31  Dark Templar x9  
  137  15:13  Zealot x12, Nexus  
Show
View Real Time Build Order
Export as new Build Order

Semper Terran 

Build Orders:  

Get SALT Encoding   

  12  0:00  SCV  
  13  0:12  SCV  
  14  0:17  Supply Depot  
  14  0:24  SCV  
  15  0:39  SCV  
  15  0:40  Barracks  
  16  0:45  Refinery  
  16  0:51  SCV  
  16  0:55  Refinery  
  17  1:03  SCV  
  18  1:15  SCV  
  19  1:27  Reaper, Orbital Command  
  20  1:42  Bunker  
  20  1:53  SCV  
  20  1:57  Factory  
  20  1:59  Reaper  
  21  2:09  SCV  
  21  2:12  Supply Depot  
  22  2:23  SCV  
  23  2:40  Command Center  
  23  2:45  SCV  
  23  2:47  Widow Mine  
  23  2:49  Supply Depot  
  26  2:57  SCV  
  27  3:00  Starport  
  27  3:08  Widow Mine  
  29  3:13  SCV  
  29  3:18  Barracks  
  30  3:25  SCV  
  31  3:30  Widow Mine  
  33  3:38  Medivac  
  34  3:48  SCV  
  34  3:52  Orbital Command  
  34  3:54  Factory Tech Lab  
  35  4:00  SCV  
  35  4:01  Barracks Reactor  
  35  4:02  Engineering Bay  
  36  4:07  Barracks Tech Lab  
  36  4:13  Siege Tank  
  36  4:14  SCV  
  36  4:16  Orbital Command  
  40  4:22  Bunker  
  40  4:26  SCV  
  40  4:30  Stimpack, Marine  
  42  4:38  SCV  
  43  4:42  SCV  
  47  4:45  Siege Tank  
  47  4:50  SCV  
  47  4:51  Marine  
  46  4:54  SCV  
  47  5:00  Starport Tech Lab  
  47  5:02  SCV  
  47  5:06  SCV  
  48  5:12  Missile Turret  
  48  5:14  SCV  
  48  5:16  Terran Infantry Weapons Level 1  
  48  5:17  Marine x3  
  48  5:18  SCV  
  53  5:26  SCV  
  54  5:29  Barracks  
  54  5:36  Supply Depot  
  54  5:38  Starport Reactor  
  54  5:40  SCV x2  
  54  5:41  Factory Reactor  
  54  5:42  Marine  
  57  5:43  Marauder, Marine  
  60  5:52  SCV x2  
  60  5:54  Supply Depot  
  62  5:57  Refinery  
  62  6:04  SCV  
  62  6:10  SCV, Command Center  
  62  6:11  Marauder, Marine  
  67  6:22  SCV x2  
  73  6:25  Widow Mine  
  73  6:26  Widow Mine, Supply Depot  
  73  6:27  Refinery  
  73  6:30  Medivac  
  75  6:33  Medivac  
  75  6:38  Concussive Shells, Combat Shield  
  77  6:40  Marine  
  77  6:46  Supply Depot  
  78  6:47  Marine x3  
  78  6:48  SCV  
  78  6:51  Widow Mine x2  
  86  6:57  Supply Depot  
  86  7:07  SCV, Marine x2  
  86  7:08  Marauder x2  
  93  7:13  SCV  
  94  7:18  Medivac, Terran Infantry Armor Level 1  
  94  7:19  Widow Mine x2, Medivac  
  94  7:22  Supply Depot  
  102  7:25  Marine  
  102  7:26  Orbital Command  
  103  7:31  Barracks  
  103  7:35  Marauder  
  103  7:36  SCV  
  106  7:39  Marauder  
  106  7:48  SCV  
  106  7:50  Marine  
  103  7:53  Armory  
  103  7:54  Marine  
  103  7:56  Marine  
  103  8:02  Marine  
  104  8:07  SCV x2, Marine  
  104  8:08  Widow Mine  
  104  8:10  Orbital Command  
  104  8:12  Marine  
  102  8:13  Viking  
  102  8:14  Marine  
  106  8:20  Marauder  
  106  8:22  Widow Mine  
  106  8:25  Medivac, Marine  
  113  8:30  Widow Mine  
  113  8:31  SCV x2  
  113  8:32  Missile Turret  
  117  8:37  Marauder, Marine x2  
  121  8:41  Barracks  
  121  8:45  SCV x3  
  124  8:49  Ghost Academy  
  124  8:57  SCV  
  125  9:04  Supply Depot  
  125  9:05  Supply Depot  
  109  9:15  SCV  
  96  9:19  Ghost  
  96  9:20  Ghost x2  
  96  9:21  Marine x2  
  96  9:22  Widow Mine x2  
  108  9:36  Missile Turret, Orbital Command  
  108  9:38  Liberator  
  111  9:39  Marine  
  111  9:40  SCV x2  
  111  9:44  Widow Mine x2  
  118  9:46  Marine  
  118  9:47  Barracks Reactor  
  118  9:48  Marine  
  118  9:50  Enhanced Shockwaves  
  119  9:54  SCV  
  119  10:01  SCV  
  119  10:03  Viking  
  122  10:08  SCV x2  
  122  10:11  Supply Depot  
  122  10:12  Supply Depot  
  122  10:13  Supply Depot  
  124  10:20  Terran Infantry Weapons Level 2  
  124  10:21  Terran Ship Weapons Level 1  
  124  10:26  SCV x3  
  124  10:27  Marine x2  
  124  10:28  Refinery  
  129  10:33  Marine x2  
  131  10:38  Missile Turret, SCV, Refinery  
  131  10:39  Supply Depot  
  128  10:52  SCV  
  127  11:00  SCV x2  
  127  11:02  Marine  
  127  11:03  Marine  
  125  11:04  SCV  
  125  11:13  SCV x2  
  125  11:16  SCV  
  125  11:17  Command Center  
  130  11:18  Widow Mine, Ghost x2  
  130  11:19  Widow Mine, Marine x2  
  130  11:20  Marauder, Marine  
  130  11:22  Marine  
  142  11:25  SCV x2  
  142  11:27  Medivac  
  142  11:28  Medivac  
  142  11:38  Marine  
  143  11:45  Widow Mine x2, Marine x2  
  143  11:46  Marauder  
  151  11:51  SCV  
  151  11:52  Ghost  
  154  11:57  Supply Depot, Viking  
  154  11:58  Supply Depot  
  156  12:09  Supply Depot  
  156  12:12  Barracks  
  156  12:15  Barracks  
  156  12:19  Widow Mine x2, Viking  
  156  12:21  Marine x5  
  156  12:22  Marauder  
  163  12:36  Marine  
  160  12:38  Viking  
  160  12:39  Marine x4  
  160  12:40  Marauder  
  165  12:47  Ghost  
  165  12:49  SCV, Viking  
  165  12:50  SCV  
  168  12:54  Marine  
  167  13:01  Marine x3  
  167  13:02  Marauder  
  172  13:08  Viking  
  172  13:10  Marine  
  172  13:12  Ghost  
  177  13:16  Ghost  
  177  13:19  Marine x2  
  174  13:28  Marine  
  174  13:29  Marine x2  
  174  13:40  Marine x2  
  174  13:41  Marine  
  163  13:45  Planetary Fortress, Marine  
  163  13:46  SCV, Marine  
  163  13:47  Marauder, Marine  
  169  13:58  Missile Turret, Ghost  
  171  14:04  Marauder, Marine  
  171  14:05  Barracks Tech Lab x2  
  171  14:09  Marauder  
  176  14:15  Missile Turret  
  176  14:16  Command Center  
  176  14:22  Bunker  
  176  14:25  Marauder  
  176  14:29  Ghost  
  176  14:30  Marine  
  176  14:31  Marauder  
  163  14:33  Liberator x2  
  169  14:41  Orbital Command  
  169  14:42  Marauder, Marine  
  170  14:50  Orbital Command  
  139  15:09  SCV x2  
  139  15:11  Orbital Command  

Tags
 
Add a new tag
Caveats
  • Supply blocks, unpowered buildings, or Contaminate may cause inaccurate times.
  • Supply counts are checked every 10 seconds.